 Dungeon Crawl Stone Soup version 0.29.1-2-gbd0b4ee654 (webtiles) character file.

Game seed: 1070226221916204008

726 Icepheonix32 the Trooper (level 7, 0/64 HPs)
             Began as a Minotaur Fighter on Oct 26, 2022.
             Slain by a killer bee (8 damage)
             ... on level 5 of the Dungeon.
             The game lasted 00:04:14 (4230 turns).

Icepheonix32 the Trooper (Minotaur Fighter)         Turns: 4230, Time: 00:04:15

Health: 0/64       AC:  7    Str: 21    XL:     7   Next: 44%
Magic:  6/6        EV: 10    Int:  5    God:
Gold:   307        SH: 10    Dex: 11    Spells: 6/6 levels left

rFire   . . .      SeeInvis .   a - +0 war axe (elec)
rCold   . . .      Faith    .   c - +0 buckler
rNeg    . . .      Spirit   .   b - +0 scale mail
rPois   .          Reflect  +   (helmet restricted)
rElec   .          Harm     .   (no cloak)
rCorr   .          Rampage  .   (no gloves)
Will    .....                   (no boots)
Stlth   ..........              t - amulet of reflection
HPRegen 0.20/turn               s - ring of wizardry
MPRegen 0.10/turn               (no ring)

@: mighty, brilliant
A: horns 2, retaliatory headbutt
a: no special abilities


You were on level 5 of the Dungeon.
You visited 1 branch of the dungeon, and saw 5 of its levels.

You collected 307 gold pieces.

Inventory:

Hand Weapons
 a - a +0 war axe of electrocution (weapon)
 n - a +2 vorpal flail
 p - a +0 club
Missiles
 g - a throwing net (quivered)
 l - 3 boomerangs
 r - 6 javelins
Armour
 b - a +0 scale mail (worn)
 c - a +0 buckler (worn)
 m - a +1 chain mail of fire resistance
Jewellery
 s - a ring of wizardry (left hand)
 t - an amulet of reflection (around neck)
Scrolls
 f - a scroll of brand weapon
 o - a scroll of summoning {unknown}
 q - a scroll of teleportation
 u - a scroll of noise {unknown}
 v - a scroll of enchant armour
 w - a scroll of fear {unknown}
Potions
 d - a potion of might
 e - a potion of degeneration
 h - a potion of brilliance
 i - a potion of flight
 j - a potion of curing
 k - a potion of magic


   Skills:
 * Level 6.5 Fighting
 + Level 5.1 Axes
 + Level 6.2 Armour
 + Level 2.8 Dodging
 + Level 4.7 Shields


You had 6 spell levels left.
You didn't know any spells.
Your spell library contained the following spells:

 Spells                   Type           Power      Damage    Failure   Level
 Scorch                   Fire           0%         2d5       67%         2
 Flame Wave               Conj/Fire      0%         2d4       99%         4
 Blade Hands              Tmut           0%         N/A       100%        5
 Irradiate                Conj/Tmut      0%         3d11      100%        5
 Summon Cactus Giant      Summ           0%         N/A       100%        6
 Dragon Form              Tmut           0%         N/A       100%        7


Dungeon Overview and Level Annotations

Branches:
Dungeon (5/15)
 Temple: D:4-7

Altars:
Elyvilon


Innate Abilities, Weirdness & Mutations

You have a pair of horns on your head.
You reflexively headbutt those who attack you in melee.


Message History

The killer bee poisons you! The killer bee closely misses you.
You block the killer bee's attack.
The killer bee stings you but does no damage.
You feel very mighty all of a sudden.
You feel very sick. The killer bee stings you.
You block the killer bee's attack. x3
The killer bee barely misses you.
The killer bee stings you but does no damage.
You barely miss the killer bee. You headbutt the killer bee!
The killer bee is heavily wounded.
You barely miss the killer bee. x2
You feel very sick. The killer bee stings you.
You are lethally poisoned!
The killer bee poisons you! You block the killer bee's attack.
The killer bee stings you but does no damage.
The killer bee closely misses you. The killer bee stings you.
* * * LOW HITPOINT WARNING * * *
You are more poisoned.
The killer bee poisons you! You block the killer bee's attack.
It was a potion of brilliance.
You feel clever all of a sudden.
* * * LOW HITPOINT WARNING * * *
You feel extremely sick.
The killer bee stings you but does no damage. x2
The killer bee closely misses you. x2; The killer bee stings you.
* * * LOW HITPOINT WARNING * * *
The killer bee stings you but does no damage.
It was a potion of curing.
You feel better. The killer bee misses you. The killer bee closely misses you.
You block the killer bee's attack.
The killer bee stings you but does no damage.
You block the killer bee's attack. The killer bee completely misses you.
Unknown command.
You slash the killer bee! Your headbutt misses the killer bee.
The killer bee is almost dead.
You miss the killer bee. x2; The killer bee stings you.
* * * LOW HITPOINT WARNING * * *
The killer bee misses you. You furiously retaliate!
You headbutt the killer bee. The killer bee stings you!
You die...

#.....##....# ##.##
..........$. ##...#
..........## #####..#.######
...........###......#...##.###
....[....h..............##....
.................#.#.#........
..........y..y##...........#..
............#y##.#.#.#.....###
............#@##..............
.....###...yyy#..#.#.#........
..... #####.S#...............
...#. .........#.........
....##...###.......#
..######.###.....)... .#.
##....##.......# ....
###......#........
..................


You could see a water moccasin and 5 killer bees.

Vanquished Creatures
  2 ogres (D:4)
  2 phantoms
  Blork the orc (D:5)
  A scorpion (D:4)
  A hound (D:4)
  Jessica (D:3)
  Terence (D:3)
  8 gnolls
  3 adders (D:3)
  2 ufetubi (D:5)
  2 worms
  7 dart slugs
  3 orcs (D:3)
  10 ball pythons
  5 endoplasms
  4 giant cockroaches
  6 goblins
  5 hobgoblins
  5 jackals
  3 quokkas
  4 bats
  5 frilled lizards
  9 kobolds
  4 rats
94 creatures vanquished.

Notes
Turn   | Place    | Note
-------+----------+-------------------------------------------
     0 | D:1      | Icepheonix32 the Minotaur Fighter began the quest for the
                  | Orb.
     0 | D:1      | Reached XP level 1. HP: 19/19 MP: 0/0
   146 | D:1      | Reached XP level 2. HP: 20/27 MP: 1/1
  1193 | D:2      | Reached XP level 3. HP: 33/33 MP: 2/2
  1489 | D:2      | Found a faded altar of an unknown god.
  1489 | D:2      | Noticed a chaos spawn
  1936 | D:3      | Noticed Terence
  1948 | D:3      | Killed Terence
  1949 | D:3      | Reached skill level 1 in Dodging
  1949 | D:3      | Reached XP level 4. HP: 33/41 MP: 3/3
  2133 | D:3      | Reached skill level 5 in Fighting
  2157 | D:3      | Reached XP level 5. HP: 25/48 MP: 4/4
  2697 | D:3      | Noticed Jessica
  2701 | D:3      | Killed Jessica
  2769 | D:3      | Reached skill level 5 in Armour
  3085 | D:4      | Noticed an ogre
  3085 | D:4      | Noticed a phantom
  3095 | D:4      | Killed a phantom
  3096 | D:4      | Reached XP level 6. HP: 36/57 MP: 5/5
  3649 | D:5      | Entered Level 5 of the Dungeon
  3959 | D:5      | Found a white marble altar of Elyvilon.
  3965 | D:4      | Reached XP level 7. HP: 56/63 MP: 6/6
  4058 | D:5      | Noticed Blork the orc
  4065 | D:5      | Killed Blork the orc
  4066 | D:5      | Reached skill level 5 in Axes
  4230 | D:5      | Slain by a killer bee

Illustrated notes

Levels and vault maps discovered:
D:1:      elethiomel_arrival_quiet, layout_basic, grunt_decor_fettered
D:2:      layout_basic, dreamdust_ecumenical_altar_sealed_demon,
          nicolae_kite_square_tiling_tiny
D:3:      layout_loops_ring, uniq_terence, uniq_jessica
D:4:      layout_basic
D:5:      layout_cave_pools, mainiacjoe_overflow_brackets, serial_glass,
          glass_columns_c, glass_columns_b, minmay_strange_pillars,
          serial_shops, shop, nicolae_shop_stone, nicolae_shop_crystal,
          shop_fountains, nicolae_shop_hallway_plus, uniq_blork_the_orc

Skill      XL: |  1  2  3  4  5  6  7 |
---------------+----------------------+-----
Fighting       | 4 5 6 |  6.5
Shields        | 4 |  4.7
Armour         | 4 5 6 |  6.2
Axes           | 3 4 5 |  5.1
Dodging        | 1 2 |  2.8

Action                   |  1- 3 |  4- 6 |  7- 9 || total
-------------------------+-------+-------+-------++-------
Melee: War axe           |   102 |    99 |    20 ||   221
       Headbutt          |    11 |    13 |     6 ||    30
  Use: Scroll            |     1 |    11 |       ||    12
       Potion            |       |       |     3 ||     3
Armor: Scale mail        |    47 |    44 |    12 ||   103
Dodge: Dodged            |    51 |    48 |    18 ||   117
Block: Buckler           |    22 |    44 |    18 ||    84
       Reflection        |       |     2 |       ||     2
